AoeStats
← [GG] Shevchenko 7

Fortress

509024317Analyzed
3v3 RM · 8d ago on Sep 25, 2026· 57m 54s· 6 players
Game mode
Random Map
Map size
Large (8 player)
Population
200
Speed
Normal
Resources
Standard
Victory
Conquest
Starting age
Dark Age
Ending age
Imperial Age
RankedLock teamsTeams togetherTeam positionsShared explorationLock speedFull tech treeHidden civsTurbo modeCheats
Victory
Defeat
🇨🇳 Saracens · China
1002
+13
983
+14
🇨🇳 Saxons · China
899
+19
🇧🇷 Magyars · Brazil
977
-17
🇧🇷 Huns · Brazil
960
-16
🇧🇷 Turks · Brazil
889
-13
[GG] Ibrahimovic
4:48 Loom
9:55 Feudal Age
11:49 Double-Bit Axe
11:47 Horse Collar
15:35 Castle Age
16:40 Bow Saw
19:54 Imperial Age
18:33 Padded Archer Armor
19:43 Ballistics
20:47 Leather Archer Armor
22:04 Town Watch
31:59 Two-Man Saw
31:34 Ring Archer Armor
38:33 Caravan
40:31 Wheelbarrow
39:58 Town Patrol
44:27 Caravan
45:03 Hand Cart
45:08 Crossbowman
45:54 Thumb Ring
48:24 Fletching
50:46 Bodkin Arrow
52:34 Heavy Plow
[GG] Trezeguet
7:47 Feudal Age
8:21 Loom
12:49 Castle Age
11:02 Scale Barding Armor
10:57 Scale Mail Armor
10:43 Horse Collar
11:14 Double-Bit Axe
12:32 Bloodlines
12:48 Gold Mining
15:09 Wheelbarrow
16:48 Heavy Plow
17:45 Corvinian Army
18:15 Stone Mining
21:52 Chain Barding Armor
28:20 Imperial Age
27:22 Gold Shaft Mining
27:21 Hand Cart
27:24 Chain Mail Armor
27:00 Fletching
27:10 Padded Archer Armor
29:57 Leather Archer Armor
29:38 Bodkin Arrow
29:48 Husbandry
30:19 Light Cavalry
33:28 Chemistry
32:24 Murder Holes
32:40 Masonry
35:57 Elite Magyar Huszar
36:38 Bracer
37:09 Ring Archer Armor
44:39 Ballistics
44:09 Heated Shot
44:02 Crossbowman
45:37 Thumb Ring
50:46 Pikeman
51:12 Arson
53:01 Halberdier
54:01 Arbalester
[GG] Shevchenko 7
0:38 Loom
9:27 Feudal Age
9:47 Feudal Age
11:50 Double-Bit Axe
14:41 Castle Age
13:15 Scale Barding Armor
15:20 Gold Mining
15:16 Horse Collar
16:26 Chain Barding Armor
17:30 Husbandry
23:24 Pikeman
24:04 Squires
25:10 Scale Mail Armor
26:48 Forging
35:07 Sanctity
35:23 Fletching
36:33 Wheelbarrow
38:00 Padded Archer Armor
40:24 Ballistics
44:32 Imperial Age
43:53 Bodkin Arrow
44:14 Leather Archer Armor
44:17 Murder Holes
44:30 Crossbowman
46:01 Thumb Ring
46:19 Bracer
47:35 Chemistry
53:51 Plate Barding Armor
52:45 Light Cavalry
53:36 Bloodlines
我才是最强白龙
8:17 Feudal Age
8:32 Horse Collar
8:37 Double-Bit Axe
14:51 Castle Age
15:35 Wheelbarrow
15:17 Heavy Plow
15:28 Bow Saw
17:44 Gold Mining
21:09 Imperial Age
20:15 Hand Cart
22:10 Loom
24:49 Crop Rotation
25:45 Conscription
25:35 Husbandry
25:46 Bloodlines
26:49 Two-Man Saw
27:47 Onager
31:06 Heavy Camel Rider
37:48 Gold Shaft Mining
37:40 Bloodlines
37:43 Forging
37:39 Scale Barding Armor
37:28 Cavalier
40:23 Iron Casting
39:13 Light Cavalry
46:07 Chemistry
45:46 Caravan
50:41 Thumb Ring
52:23 Kamandaran
51:44 Crossbowman
52:47 Ballistics
52:55 Fletching
53:06 Padded Archer Armor
54:23 Bodkin Arrow
54:44 Leather Archer Armor
57:29 Blast Furnace
56:29 Scale Mail Armor
56:52 Pikeman
57:32 Squires
ming
8:17 Feudal Age
11:52 Castle Age
10:23 Double-Bit Axe
11:03 Horse Collar
19:45 Bow Saw
19:37 Heavy Plow
19:30 Gold Mining
22:06 Gold Shaft Mining
26:47 Imperial Age
24:36 Forging
24:39 Bloodlines
26:56 Iron Casting
27:46 Elite Mameluke
28:34 Husbandry
29:51 Blast Furnace
29:34 Scale Barding Armor
31:18 Conscription
34:38 Wheelbarrow
34:31 Chain Barding Armor
34:15 Caravan
35:35 Hand Cart
37:25 Bimaristan
36:55 Light Cavalry
39:45 Plate Barding Armor
39:01 Town Watch
39:03 Loom
39:12 Stone Mining
39:07 Hussar
41:26 Two-Man Saw
躯壳也会心痛
8:48 Feudal Age
13:10 Castle Age
14:51 Double-Bit Axe
23:03 Imperial Age
21:35 Squires
22:41 Gambesons
24:56 Conscription
24:30 Horse Collar
26:55 Forging
26:45 Scale Mail Armor
28:24 Shield Wall
29:56 Heavy Plow
30:23 Elite Varangian Guard
33:16 Iron Casting
32:57 Chain Mail Armor
33:08 Bow Saw
41:16 Wheelbarrow
51:11 Hand Cart
53:04 Two-Man Saw
52:37 Crop Rotation
53:45 Arson
54:24 Treadmill Crane
54:52 Siege Engineers
56:38 Coinage
Connection lost

Rejoining the realm…

Still unreachable

The connection could not be restored.

Session expired

The server has moved on; the page needs a fresh start.